 Dungeon Crawl Stone Soup version 0.19.0-19-g8c6edcc (webtiles) character file.

542 ImaNewbie the Chopper (level 7, -7/56 HPs)
             Began as a Formicid Fighter on Nov 12, 2016.
             Was a Follower of Qazlal.
             Mangled by an ogre
             ... wielding a +0 giant spiked club
              (28 damage)
             ... on level 4 of the Dungeon.
             The game lasted 00:14:24 (4166 turns).

ImaNewbie the Chopper (Formicid Fighter)            Turns: 4166, Time: 00:14:25

Health: -7/56      AC: 13    Str: 22    XL:     7   Next: 52%
Magic:  7/7        EV:  9    Int:  8    God:    Qazlal [*.....]
Gold:   103        SH:  6    Dex: 10    Spells: 0 memorised, 6 levels left

rFire  . . .     SeeInvis +     a - +1 war axe
rCold  . . .     Gourm    .     b - +0 scale mail
rNeg   . . .     Faith    +     o - +0 buckler {AC+3}
rPois  .         Spirit   .     (helmet unavailable)
rElec  .         Reflect  .     (no cloak)
rCorr  .         Harm     .     j - +2 pair of gloves
MR     +....                    (no boots)
Stlth  ..........               r - amulet of faith
                                (no ring)
                                n - ring of protection from magic

@: no status effects
A: permanent stasis, dig shafts and tunnels, four strong arms, antennae 3
a: Dig, Shaft Self, Renounce Religion


You were on level 4 of the Dungeon.
You worshipped Qazlal.
Qazlal was aware of your devotion.
You were not hungry.

You visited 1 branch of the dungeon, and saw 4 of its levels.

You collected 103 gold pieces.

Inventory:

Hand Weapons
 a - a +1 war axe (weapon)
Missiles
 i - 27 poisoned needles
Armour
 b - a +0 scale mail (worn)
 c - a +0 shield
 j - a +2 pair of gloves (worn)
 o - a +0 buckler of protection (worn)
Magical Staves
 p - an uncursed staff of air
Jewellery
 n - a ring of protection from magic (left hand)
 r - an amulet of faith (around neck)
Wands
 e - a wand of lightning (8/15)
Scrolls
 k - a scroll of enchant weapon
Potions
 d - a potion of might
 h - 4 potions of curing {unknown}
 s - a potion of cancellation {unknown}
 t - 2 potions of lignification {unknown}
 u - a potion of mutation {unknown}
Comestibles
 f - a bread ration
 g - 3 meat rations
 l - a beef jerky
 m - a chunk of flesh
 q - a fruit


   Skills:
 + Level 5.1 Fighting
 * Level 6.8 Axes
 - Level 3.2 Armour
 - Level 3.6 Shields


You had 6 spell levels left.
You didn't know any spells.

Dungeon Overview and Level Annotations

Branches:
Dungeon (4/15)
 Temple: D:4-7

Altars:
Hepliaklqana
Makhleb
Okawaru
Qazlal
Uskayaw
Vehumet
Zin


Innate Abilities, Weirdness & Mutations

You are under a permanent stasis effect.
You can dig through walls and to a lower floor.
Your four strong arms can wield two-handed weapons with a shield.
You have a pair of large antennae on your head. (SInv)


Message History

You slash the ogre!
The ogre is severely wounded.
The ogre hits you with a giant spiked club!!
You completely miss the ogre.
The ogre is severely wounded.
The ogre barely misses you.
Some of the chunks of flesh in your inventory have rotted away.
You completely miss the ogre.
The ogre is severely wounded.
You block the ogre's attack.
You barely miss the ogre.
The ogre is severely wounded.
The ogre hits you but does no damage.
You hit the ogre.
The ogre is severely wounded.
You barely miss the ogre.
The ogre is severely wounded.
The ogre hits you with a giant spiked club!!
Ouch! That really hurt!
You die...

........## ##.##### ##..
......(..###..#...#### ##...
[......)......#......# ##....
.......[....#....._..# #.....
.......(.....#..._8_.# #.....
..............#..._..# #.....
.....................# #.....
..............)..§..## #.....
###+###........§@....## #..... #
#.# #..........O....## #.....
###.###................# ##.....
'.._..'....#...........####.....#
#######....#............#......##
# ### #...##...............##..#
#######...###..............#####
..........# ##...............##
..........## #................##


You could see an ogre.

Vanquished Creatures
  A phantom (D:3)
  2 hounds
  An orc priest (D:4)
  An iguana (D:4)
  2 worker ants (D:4)
  5 gnolls
  9 adders
  2 oozes
  8 worms
  2 dart slugs
  3 leopard geckos
  15 orcs
  3 ball pythons
  5 bats
  2 giant cockroaches
  15 goblins
  10 hobgoblins
  6 jackals
  4 quokkas
  5 frilled lizards
  9 kobolds
  7 rats
117 creatures vanquished.

Notes
Turn   | Place    | Note
-------+----------+-------------------------------------------
     0 | D:1      | ImaNewbie the Formicid Fighter began the quest for the Orb.
     0 | D:1      | Reached XP level 1. HP: 18/18 MP: 1/1
   261 | D:1      | Reached XP level 2. HP: 21/24 MP: 2/2
   402 | D:1      | Reached skill level 3 in Axes
   619 | D:1      | Reached XP level 3. HP: 20/29 MP: 3/3
  1300 | D:1      | Reached skill level 4 in Axes
  1300 | D:1      | Reached XP level 4. HP: 33/35 MP: 4/4
  1820 | D:2      | Reached XP level 5. HP: 41/41 MP: 5/5
  2108 | D:2      | Reached skill level 5 in Axes
  2723 | D:3      | Reached XP level 6. HP: 45/48 MP: 6/6
  2904 | D:3      | Found a stormy altar of Qazlal.
  2920 | D:3      | Became a worshipper of Qazlal Stormbringer
  3326 | D:3      | Reached * piety under Qazlal
  3412 | D:4      | Noticed a phantom
  3508 | D:3      | Killed a phantom
  3508 | D:3      | Reached skill level 6 in Axes
  3608 | D:4      | Reached XP level 7. HP: 47/55 MP: 7/7
  3707 | D:4      | Found a hide-covered altar of Uskayaw.
  3708 | D:4      | Found a glowing silver altar of Zin.
  3708 | D:4      | Found an iron altar of Okawaru.
  3709 | D:4      | Found a radiant altar of Vehumet.
  3912 | D:4      | Reached skill level 5 in Fighting
  4018 | D:4      | Found a hazy altar of Hepliaklqana.
  4134 | D:4      | Found a burning altar of Makhleb.
  4166 | D:4      | Mangled by an ogre

Skill      XL: |  1  2  3  4  5  6  7 |
---------------+----------------------+-----
Axes           | 3 4 5 6 |  6.8
Fighting       | 4 5 |  5.1
Armour         | |  3.2
Shields        | |  3.6

Action                   |  1- 3 |  4- 6 |  7- 9 || total
-------------------------+-------+-------+-------++-------
Melee: War axe           |   111 |   271 |    65 ||   447
  Use: Scroll            |       |     7 |       ||     7
  Eat: Chunk             |     1 |     8 |     2 ||    11
Armor: Scale mail        |    37 |   111 |    36 ||   184
Dodge: Dodged            |    34 |    89 |    42 ||   165
Block: Shield            |    60 |    99 |       ||   159
       Buckler           |       |    21 |    26 ||    47
